 Dungeon Crawl Stone Soup version 0.24-a0-789-g35933f4585 (webtiles) character file.

Game seed: 4754816882050465657, levelgen mode: deterministic

4523 Johnny the Geomancer (level 9, -14/75 HPs)
             Began as a Demigod Earth Elementalist on Oct 10, 2019.
             Killed by the air
             ... invoked by Gastronok
              (44 damage)
             ... on level 8 of the Dungeon.
             The game lasted 00:09:54 (8146 turns).

Johnny the Geomancer (Demigod Earth Elementalist)   Turns: 8146, Time: 00:09:55

Health: -14/75     AC:  5    Str: 11    XL:     9   Next: 96%
Magic:  5/21       EV: 17    Int: 25    God:
Gold:   347        SH:  0    Dex: 19    Spells: 6/19 levels left

rFire    + . .     SeeInvis .   j - +8 dagger (venom)
rCold    . . .     Gourm    .   (no shield)
rNeg     . . .     Faith    .   h - +2 robe {rF+}
rPois    .         Spirit   .   (no helmet)
rElec    .         Reflect  .   s - +0 cloak
rCorr    .         Harm     +   (no gloves)
MR       .....                  (no boots)
Stlth    ++........             l - amulet of harm
HPRegen  0.22/turn              u - +3 ring of dexterity
MPRegen  0.17/turn              (no ring)

@: no status effects
A: high mp 1
a: no special abilities


You were on level 8 of the Dungeon.
You were not hungry.

You visited 1 branch of the dungeon, and saw 8 of its levels.

You collected 437 gold pieces.
You spent 90 gold pieces at shops.

Inventory:

Hand Weapons
 e - a +0 whip of electrocution
 j - a +8 dagger of venom (weapon)
Missiles
 b - 268 stones (quivered)
Armour
 h - a +2 robe of fire resistance (worn)
 s - a +0 cloak (worn)
Jewellery
 l - an amulet of harm (around neck)
 u - a +3 ring of dexterity (left hand)
 w - an uncursed ring of ice
Wands
 c - a wand of iceblast (4)
 t - a wand of acid (3)
 y - a wand of enslavement (5)
 z - a wand of paralysis (8)
 A - a wand of disintegration (15)
Scrolls
 f - 4 scrolls of identify
 g - 4 scrolls of fog
 i - 2 scrolls of remove curse
 k - 4 scrolls of teleportation
 r - a scroll of magic mapping
 x - a scroll of blinking
 B - 2 scrolls of enchant armour
Potions
 a - 2 potions of mutation
 m - a potion of haste
 n - a potion of resistance
 p - 2 potions of might
 q - a potion of heal wounds
 v - 3 potions of curing
 C - a potion of flight {unknown}
Comestibles
 d - 16 rations
 D - 3 chunks of flesh


   Skills:
 + Level 5.9 Fighting
 + Level 6.3 Dodging
 - Level 1.7 Stealth
 + Level 5.8 Spellcasting
 - Level 0.8 Transmutations
 * Level 9.1 Earth Magic


You had 6 spell levels left.
You knew the following spells:

 Your Spells              Type           Power        Failure   Level  Hunger
a - Sandblast             Erth           ######       1%          1    None
b - Stone Arrow           Conj/Erth      ####..       3%          3    #......
c - Lee's Rapid Deconstr  Erth           ######....   4%          5    #####..
d - Petrify               Tmut/Erth      ####....     10%         4    ###....

Your spell library contained the following spells:

 Spells                   Type           Power        Failure   Level  Hunger
 Passwall                 Tmut/Erth      ####....     1%          2    None
 Aura of Abjuration       Summ           #.........   91%         5    #####..
 Bolt of Cold             Conj/Ice       #.........   100%        6    ######.
 Dragon's Call            Summ           #.........   100%        9    #######


Dungeon Overview and Level Annotations

Branches:
Dungeon (8/15)             Temple (0/1) D:6
   Lair: D:8-11

Shops:
D:8 }

Annotations:
D:8 Gastronok, Psyche


Innate Abilities, Weirdness & Mutations

You have an increased reservoir of magic. (+10% MP)


Message History

You puncture Gastronok!
Gastronok is poisoned.
Gastronok is moderately wounded.
You hear a shout! x2
Gastronok waves his eye-stalks in wide circles.
The air twists around and strikes you!
You hear a shout!
Unknown command.
As you read the scroll of fear, it crumbles to dust.
You assume a fearsome visage.
Gastronok looks frightened!
The orc looks frightened!
An orc comes into view.
The orc shouts!
An orc comes into view. It is wielding a +0 dagger.
An orc comes into view. It is wielding a +0 trident.
Unknown command.
Gastronok seems to regain his courage.
Gastronok waves his eye-stalks in wide circles.
The air twists around and strikes you!!!
Ouch! That really hurt!
You die...

#......... ##........ #.
#####..^.
########....##..##....
#####..#...##...#.........
...........(....#.........
#<)..##..###..##>... .
###..##..###..###+##
#..###@.##.......##
...................#
...................#
...................# .
##+####o###).###..## .
##o###.w####+####
..o....).........
...[.............
..................


You could see Gastronok and 3 orcs.

Vanquished Creatures
  Pikel (D:4)
  Joseph (D:8)
  Grinder (D:5)
  Sigmund (D:5)
  A spriggan (D:7)
  Eustachio (D:6)
  A water moccasin (D:6)
  An orc warrior (D:8)
  A sky beast (D:8)
  4 slaves
  A black bear (D:7)
  2 phantoms (D:6)
  4 ice beasts
  4 ogres
  2 centaurs (D:5)
  7 bullfrogs
  3 scorpions
  A water moccasin skeleton (D:2)
  6 howler monkeys
  A jelly (D:8)
  A hound (D:2)
  3 orc priests
  4 orc wizards
  Crazy Yiuf (D:4)
  Jessica (D:2)
  Terence (D:3)
  An iguana (D:5)
  8 worker ants
  3 gnolls (D:5)
  A howler monkey skeleton (D:7)
  10 adders
  3 shadow imps
  An adder skeleton (D:4)
  A worm (D:2)
  2 dart slugs
  8 leopard geckos
  21 orcs
  A ball python (D:5)
  4 giant cockroaches
  10 hobgoblins
  4 jackals (D:2)
  4 kobolds
  3 quokkas
  8 bats
  2 frilled lizards
  9 goblins
  8 rats
167 creatures vanquished.

Notes
Turn   | Place    | Note
-------+----------+-------------------------------------------
     0 | D:1      | Johnny the Demigod Earth Elementalist began the quest for
                  | the Orb.
     0 | D:1      | Reached XP level 1. HP: 14/14 MP: 5/5
   387 | D:1      | Reached XP level 2. HP: 22/22 MP: 7/7
   411 | D:1      | Reached skill level 3 in Earth Magic
   781 | D:2      | Noticed Jessica
   784 | D:2      | Killed Jessica
   784 | D:2      | Reached skill level 1 in Fighting
   784 | D:2      | Reached XP level 3. HP: 28/28 MP: 4/8
  1433 | D:2      | Reached XP level 4. HP: 35/35 MP: 10/10
  1859 | D:2      | Found a burning altar of Makhleb.
  1865 | D:2      | Reached skill level 4 in Earth Magic
  1865 | D:2      | Reached XP level 5. HP: 41/41 MP: 11/11
  2241 | D:3      | Noticed Terence
  2247 | D:3      | Killed Terence
  2406 | D:3      | Found a faded altar of an unknown god.
  2507 | D:3      | Found a blossoming altar of Fedhas.
  2547 | D:3      | Found a burning altar of Makhleb.
  2656 | D:3      | Reached XP level 6. HP: 25/48 MP: 13/13
  3337 | D:4      | Noticed Pikel
  4082 | D:4      | Killed Pikel
  4082 | D:4      | Reached skill level 5 in Earth Magic
  4082 | D:4      | Reached XP level 7. HP: 37/57 MP: 13/15
  4248 | D:4      | Identified the Volume of the Road Less Travelled
  4425 | D:4      | Found a runed translucent door.
  4426 | D:4      | Noticed Crazy Yiuf
  4859 | D:4      | Killed Crazy Yiuf
  4859 | D:4      | Reached skill level 6 in Earth Magic
  4902 | D:5      | Entered Level 5 of the Dungeon
  5005 | D:5      | Noticed Grinder
  5012 | D:5      | Killed Grinder
  5012 | D:5      | Reached XP level 8. HP: 54/66 MP: 13/17
  5186 | D:5      | Noticed Sigmund
  5196 | D:5      | Killed Sigmund
  5196 | D:5      | Reached skill level 7 in Earth Magic
  5615 | D:5      | Reached skill level 5 in Dodging
  5636 | D:5      | Learned a level 3 spell: Stone Arrow
  5642 | D:5      | Learned a level 5 spell: Lee's Rapid Deconstruction
  5647 | D:5      | Learned a level 4 spell: Petrify
  5703 | D:5      | Found a sparkling altar of Nemelex Xobeh.
  5708 | D:5      | Found Zin's Purification Station.
  5709 | D:5      | Found a glowing silver altar of Zin.
  5714 | D:5      | Bought a potion of curing for 90 gold pieces
  6079 | D:6      | Found a blossoming altar of Fedhas.
  6106 | D:6      | Reached XP level 9. HP: 73/73 MP: 16/19
  6124 | D:6      | Noticed Eustachio
  6147 | D:6      | Killed Eustachio
  6147 | D:6      | Reached skill level 5 in Fighting
  6147 | D:6      | Reached skill level 5 in Spellcasting
  6147 | D:6      | Reached skill level 8 in Earth Magic
  6322 | D:6      | Found a staircase to the Ecumenical Temple.
  7820 | D:8      | Noticed Psyche
  7864 | D:8      | Noticed Joseph
  7872 | D:8      | Killed Joseph
  7872 | D:8      | Reached skill level 9 in Earth Magic
  8040 | D:8      | Found Nicot's Gadget Shop.
  8125 | D:8      | Noticed Gastronok
  8146 | D:8      | Killed from afar by Gastronok

Levels and vault maps discovered:
D:1:      grunt_arrival_lava_bath, layout_basic
D:2:      layout_loops_corners, minivault_19, makhleb_blood_cavern_becter,
          uniq_jessica
D:3:      minmay_door_path, layout_loops_cross, minitemple,
          chequers_ecumenical_altar_simple_redux, kennysheep_another_room,
          amethyst_killhole, uniq_terence
D:4:      layout_basic, serial_forest, infiniplex_forest_straight_4,
          infiniplex_forest_lined_2, infiniplex_forest_straight_1,
          infiniplex_forest_straight_1, infiniplex_forest_lined_room_,
          infiniplex_forest_corner_1, infiniplex_forest_straight_4,
          infiniplex_forest_clump_small, infiniplex_forest_clump_double,
          infiniplex_forest_clump_cross, uniq_pikel, uniq_crazy_yiuf_cottage
D:5:      layout_loops_cross, zin_purify, first_ration,
          nemelex_xobeh_ov_fountains_minmay, uniq_grinder, uniq_sigmund
D:6:      layout_basic, minmay_temple_entry_from_below_b, fedhas_altar_1,
          uniq_eustachio
D:7:      layout_loops_cross, minmay_stone_trees_small, the_bakery,
          nrook_campfire, eino_tiny_chamber
D:8:      layout_gridville, serial_shops, shop, uniq_joseph, uniq_gastronok,
          uniq_psyche

Skill      XL: |  1  2  3  4  5  6  7  8  9 |
---------------+----------------------------+-----
Dodging        | 2 3 4 5 6 |  6.3
Earth Magic    | 3 4 5 6 7 9 |  9.1
Spellcasting   | 2 3 4 5 |  5.8
Fighting       | 1 2 3 4 5 |  5.9
Stealth        | |  1.7
Transmutations | |  0.8

Action                   |  1- 3 |  4- 6 |  7- 9 || total
-------------------------+-------+-------+-------++-------
Melee: Unarmed           |    43 |       |       ||    43
       Dagger            |    36 |   151 |   155 ||   342
 Cast: Sandblast         |    24 |    10 |    53 ||    87
       Lee's Rapid Decon |       |       |    11 ||    11
Evoke: Wand              |       |     1 |     9 ||    10
  Use: Scroll            |       |     9 |    11 ||    20
       Potion            |       |     3 |     1 ||     4
 Stab: Sleeping          |     2 |     8 |     5 ||    15
  Eat: Chunk             |     1 |     5 |    10 ||    16
       Ration            |       |     1 |     2 ||     3
Armor: Robe              |    22 |    23 |    25 ||    70
Dodge: Dodged            |    75 |   101 |   124 ||   300

Table legend:
 A = Non-vault XP
 B = Vault XP
 C = Vault XP percentage of total XP
 D = Non-vault monster count
 E = Vault monster count
 F = Vault count percentage of total count
                 A         B        C        D         E       F
            +---------+---------+-------+---------+---------+-------
      Total |    4283 |    2179 |  33.7 |     148 |      15 |   9.2
            +---------+---------+-------+---------+---------+-------
        D:1 |      28 |       0 |   0.0 |      16 |       0 |   0.0
        D:2 |     187 |      80 |  30.0 |      22 |       2 |   8.3
        D:3 |     126 |      44 |  25.9 |      28 |       6 |  17.6
        D:4 |     272 |     690 |  71.7 |      11 |       2 |  15.4
        D:5 |    1223 |     481 |  28.2 |      29 |       2 |   6.5
        D:6 |    1114 |     203 |  15.4 |      19 |       1 |   5.0
        D:7 |     889 |     215 |  19.5 |      13 |       1 |   7.1
        D:8 |     444 |     466 |  51.2 |      10 |       1 |   9.1
            +---------+---------+-------+---------+---------+-------
